 Dungeon Crawl Stone Soup version 0.29-a0-341-g24ffce5b50 (webtiles) character file.

Game seed: 15170955787142141757

32 sammy202020 the Skirmisher (level 3, 5/43 HPs)
             Began as a Demonspawn Berserker on Apr 21, 2022.
             Was a Follower of Trog.
             Quit the game on level 2 of the Dungeon.
             The game lasted 00:01:38 (901 turns).

sammy202020 the Skirmisher (Demonspawn Berserker)    Turns: 901, Time: 00:01:39

Health: 5/43       AC:  6    Str: 17    XL:     3   Next: 8%
Magic:  3/3        EV: 10    Int: 10    God:    Trog [*.....]
Gold:   88         SH:  0    Dex: 12    Spells: 2/2 levels left

rFire   . . .      SeeInvis .   a - +0 hand axe
rCold   . . .      Faith    .   (no shield)
rNeg    . . .      Spirit   .   e - +0 scale mail
rPois   .          Reflect  .   (no helmet)
rElec   .          Harm     .   (no cloak)
rCorr   .          Rampage  .   (no gloves)
Will    .....                   (no boots)
Stlth   ..........              (no amulet)
HPRegen 0.14/turn               (no ring)
MPRegen 0.08/turn               (no ring)

@: berserking, very quick
A: claws 1, demonic magic 1
a: Renounce Religion, Berserk


You were on level 2 of the Dungeon.
You worshipped Trog.
Trog was aware of your devotion.
You visited 1 branch of the dungeon, and saw 2 of its levels.

You collected 88 gold pieces.

Inventory:

Hand Weapons
 a - a +0 hand axe (weapon)
 h - a +0 mace
Armour
 e - a +0 scale mail (worn)
Scrolls
 b - a scroll of amnesia {unknown}
 c - a scroll of identify {unknown}
 d - a scroll of teleportation {unknown}
 f - a scroll of magic mapping {unknown}
Potions
 g - 2 potions of ambrosia {unknown}


   Skills:
 * Level 3.5 Fighting
 * Level 3.2 Axes
 + Level 2.1 Armour
 - Level 1.7 Dodging


You had 2 spell levels left.
You didn't know any spells.
Your spell library was empty.

Dungeon Overview and Level Annotations

Branches:
Dungeon (2/15)

Altars:


Innate Abilities, Weirdness & Mutations

You have sharp fingernails.
Spells you cast may paralyse adjacent enemies.


Message History

Trog accepts your kill.
You hit the worm.
The worm is severely wounded.
You closely miss the hobgoblin. You miss the frilled lizard.
The hobgoblin hits you but does no damage.
The frilled lizard bites you. The worm bites you.
* * * LOW HITPOINT WARNING * * *
You hit the worm.
The worm is almost dead.
You hit the frilled lizard.
You kill the frilled lizard!
Trog accepts your kill.
You hit the hobgoblin.
The hobgoblin hits you but does no damage.
The worm closely misses you.
A red film seems to cover your vision as you go berserk!
You feel yourself moving faster!
You feel mighty! The hobgoblin barely misses you. The goblin barely misses you.
You hit the hobgoblin.
You kill the hobgoblin!
Trog accepts your kill.
You hit the worm. You barely miss the goblin.
The goblin hits you but does no damage. The worm bites you!
* * * LOW HITPOINT WARNING * * *
You hit the worm.
You kill the worm!
Trog accepts your kill.
You slash the goblin!
You kill the goblin!
Trog accepts your kill.
You have reached level 3!
Your experience leads to an increase in your attributes!
Increase (S)trength, (I)ntelligence, or (D)exterity?
You feel clever. x2; Your demonic ancestry asserts itself...
Your fingernails lengthen.
A bat comes into view.
You see here a hobgoblin corpse.
You feel a strong urge to attack something.
You see here a scroll labelled FOK CORUEMM.
Are you sure you want to abandon this character and quit the game? (Confirm with "yes".)

#.)..........#
........#...###†...####
.#.#.#...#...#
#..<.....
..>......#...#
#.<###### #.#.#...#...#
#.#...... .......#...#
#.#.#####
.#.#b#...#...# #.#..
........)##.####.####
#.@†........#
.......#†##.######
#.######..#.# ##.#.#
.#.# ...# #..# ..#


You could see a bat.

Vanquished Creatures
  A worm (D:2)
  5 endoplasms (D:1)
  A giant cockroach (D:2)
  4 hobgoblins
  2 jackals (D:1)
  A kobold (D:2)
  3 ball pythons
  5 bats
  A frilled lizard (D:2)
  A goblin (D:2)
  A rat (D:1)
25 creatures vanquished.

Notes
Turn   | Place    | Note
-------+----------+-------------------------------------------
     0 | D:1      | sammy202020 the Demonspawn Berserker began the quest for
                  | the Orb.
     0 | D:1      | Reached XP level 1. HP: 18/18 MP: 1/1
   453 | D:1      | Gained mutation: Spells you cast may paralyse adjacent
                  | enemies. [demonic ancestry]
   453 | D:1      | Reached XP level 2. HP: 24/24 MP: 2/2
   899 | D:2      | Gained mutation: You have sharp fingernails. [demonic
                  | ancestry]
   899 | D:2      | Reached XP level 3. HP: 5/29 MP: 3/3
   901 | D:2      | Quit the game

Illustrated notes

Levels and vault maps discovered:
D:1:      minmay_arrival_stone_box, layout_rooms
D:2:      layout_basic, st_stairs_2, uniq_jessica

Skill      XL: |  1  2 |
---------------+-------+-----
Axes           | 3 |  3.2
Armour         | 2 |  2.1
Fighting       | |  3.5
Dodging        | |  1.7

Action                   || total
-------------------------++-------
Melee: Hand axe          ||    54
Invok: Berserk           ||     1
Armor: Animal skin       ||     7
       Scale mail        ||    22
Dodge: Dodged            ||    45

Table legend: (Time is in decaauts)
 A = Elapsed time spent in this place.
 B = Non-inter-level travel time spent in this place.
 C = Inter-level travel time spent in this place.
 D = Time resting spent in this place.
 E = Time spent auto-exploring this place.
 F = Levels seen in this place.
 G = Mean time per level.
                   A        B        C        D        E       F      G
               +--------+--------+--------+--------+--------+-----+--------+
         Total |    907 |    848 |     59 |      0 |    705 |   2 |  453.5 |
       Dungeon |    907 |    848 |     59 |      0 |    705 |   2 |  453.5 |
               +--------+--------+--------+--------+--------+-----+--------+

Top non-repeatable levels by time:
     D:1: 852 daAuts
     D:2: 55 daAuts
